 Dungeon Crawl Stone Soup version 0.19.1 (webtiles) character file.

22 Ladykiller69 the Skirmisher (level 2, -3/24 HPs)
             Began as a Demonspawn Fighter on Dec 4, 2016.
             Killed from afar by Sigmund (5 damage)
             ... with a magic dart
             ... on level 2 of the Dungeon.
             The game lasted 00:05:37 (1127 turns).

Ladykiller69 the Skirmisher (Demonspawn Fighter)    Turns: 1127, Time: 00:05:37

Health: -3/24      AC:  9    Str: 16    XL:     2   Next: 68%
Magic:  2/2        EV:  6    Int:  9    God:
Gold:   42         SH:  8    Dex: 12    Spells: 0 memorised, 1 level left

rFire  . . .     SeeInvis .     a - +0 rapier
rCold  . . .     Gourm    .     b - +0 scale mail
rNeg   . . .     Faith    .     c - +0 shield
rPois  .         Spirit   .     (no helmet)
rElec  .         Reflect  .     (no cloak)
rCorr  .         Harm     .     k - +0 pair of gloves
MR     .....                    (no boots)
Stlth  ..........               (no amulet)
                                (no ring)
                                (no ring)

@: no status effects
A: iridescent scales 1
a: no special abilities


You were on level 2 of the Dungeon.
You were not hungry.

You visited 1 branch of the dungeon, and saw 2 of its levels.

You collected 42 gold pieces.

Inventory:

Hand Weapons
 a - a +0 rapier (weapon)
 r - a +0 dagger
Armour
 b - a +0 scale mail (worn)
 c - a +0 shield (worn)
 k - a +0 pair of gloves (worn)
 s - a +0 pair of gloves
Scrolls
 l - a scroll of identify {unknown}
 n - a scroll of amnesia {unknown}
 o - a scroll of remove curse {unknown}
 q - a scroll of recharging {unknown}
Potions
 d - a potion of might
 e - 3 potions of curing {unknown}
 h - a potion of lignification {unknown}
 i - a potion of heal wounds {unknown}
 m - a potion of invisibility {unknown}
Comestibles
 f - a bread ration
 g - 5 fruits
 j - a meat ration
 p - 4 chunks of flesh


   Skills:
 - Level 3.1 Fighting
 * Level 2.2 Short Blades
 - Level 3.0 Armour
 - Level 3.0 Shields


You had one spell level left.
You didn't know any spells.

Dungeon Overview and Level Annotations

Branches:
Dungeon (2/15)

Altars:

Annotations:
D:2 Sigmund


Innate Abilities, Weirdness & Mutations

You are partially covered in iridescent scales. (AC +2)


Message History

Sigmund flickers and vanishes!
Deactivating autopickup; reactivate with Ctrl-A.
You closely miss something. Something hits you!
Your shield and scale mail prevent you from hitting something.
Something hits you but does no damage.
You closely miss something. You block something's attack.
You barely miss something. You hit something. Something hits you.
You closely miss something. Something hits you but does no damage.
You closely miss something. Something hits you.
You closely miss something. Something hits you.
* * * LOW HITPOINT WARNING * * *
You barely miss something. You completely miss something. Something hits you.
* * * LOW HITPOINT WARNING * * *
You miss something.
You hear some strange, mumbled words.
A magic dart appears from out of thin air!
The magic dart hits you!
You die...

..#..##....
.......######.##.##....
......#....#.##..#....
.....#.##.#.###.#..[.
....#.#.........#'##
...#.#.##.####.#.#
gb#...##.####...#
#{#.#.##...##...#
###@#.#.####.##...#
#.....#.# #.##...#
#.#####.# #.##...# #)#
#.# #.##.#.#
#.#####.####.##..>##
#.....#.##..........
#####.#.##.#.#####..
#...#.##...# #..
#.###.###### #..


You could see a hobgoblin and a bat.

Vanquished Creatures
  A dart slug (D:1)
  4 bats
  3 giant cockroaches
  A goblin (D:1)
  2 hobgoblins
  4 kobolds
  A ball python (D:1)
  A frilled lizard (D:1)
  2 rats (D:1)
19 creatures vanquished.

Notes
Turn   | Place    | Note
-------+----------+-------------------------------------------
     0 | D:1      | Ladykiller69 the Demonspawn Fighter began the quest for the Orb.
     0 | D:1      | Reached XP level 1. HP: 18/18 MP: 1/1
   328 | D:1      | Gained mutation: You are partially covered in iridescent scales. (AC +2) [demonic ancestry]
   328 | D:1      | Reached XP level 2. HP: 24/24 MP: 2/2
  1106 | D:2      | Noticed Sigmund
  1127 | D:2      | Killed from afar by Sigmund

Skill      XL: |  1  2 |
---------------+-------+-----
Short Blades   | 2 |  2.2
Armour         | 3 |  3.0
Shields        | 3 |  3.0
Fighting       | |  3.1

Action                   || total
-------------------------++-------
Melee: Rapier            ||    75
  Eat: Chunk             ||     1
Armor: Scale mail        ||    32
Dodge: Dodged            ||     7
Block: Shield            ||    23
